 Dungeon Sprint DCSS version 0.28-a0-973-ga7f8b01127 (webtiles) character file.

Game seed: 2731525742037227296

7 tatocazan the Covered (level 1, 0/20 HPs)
             Began as a Minotaur Fighter on Dec 1, 2021.
             Slain by a gnoll (4 damage)
             ... in the Dungeon (Sprint IX: "|||||||||||||||||||||||||||||").
             The game lasted 00:00:03 (27 turns).

tatocazan the Covered (Minotaur Fighter)              Turns: 27, Time: 00:00:04

Health: 0/20       AC:  7    Str: 20    XL:     1   Next: 83%
Magic:  0/0        EV:  9    Int:  5    God:
Gold:   0          SH:  4    Dex:  9    Spells: 0/0 levels left

rFire   . . .      SeeInvis .   a - +0 trident
rCold   . . .      Faith    .   c - +0 buckler
rNeg    . . .      Spirit   .   b - +0 scale mail
rPois   .          Reflect  .   (helmet restricted)
rElec   .          Harm     .   (no cloak)
rCorr   .          Rampage  .   (no gloves)
Will    .....      NoTele   +   (no boots)
Stlth   ..........              (no amulet)
HPRegen 0.06/turn               (no ring)
MPRegen 0.07/turn               (no ring)

@: no status effects
A: horns 2, retaliatory headbutt
a: no special abilities


You were in the Dungeon.
You visited 1 branch

Inventory:

Hand Weapons
 a - a +0 trident (weapon)
Armour
 b - a +0 scale mail (worn)
 c - a +0 buckler (worn)
Scrolls
 j - a scroll of blinking
Potions
 d - a potion of might
 e - a potion of curing
 f - a potion of heal wounds
 g - a potion of haste
 h - 2 potions of magic
 i - a potion of berserk rage


   Skills:
 + Level 4.3 Fighting
 + Level 3.2 Polearms
 + Level 4.3 Armour
 + Level 4.2 Shields


You couldn't memorise any spells.
You didn't know any spells.
Your spell library was empty.

Dungeon Overview and Level Annotations

Branches:
Dungeon (1/1)

Altars:


Innate Abilities, Weirdness & Mutations

You have a pair of horns on your head.
You reflexively headbutt those who attack you in melee.


Message History

You are frozen.
You take 5 damage, and have 7/20 hp.
MASSIVE DAMAGE!!
You hit the endoplasm.
The endoplasm is almost dead.
The endoplasm freezes you.
You are frozen.
* * * LOW HITPOINT WARNING * * *
You barely miss the endoplasm.
The endoplasm is almost dead.
The endoplasm hits you.
* * * LOW HITPOINT WARNING * * *
You hit the endoplasm.
You kill the endoplasm!
The giant cockroach waves its antennae.
Your Fighting skill increases to level 4!
Your Polearms skill increases to level 3!
Your Armour skill increases to level 4!
Your Shields skill increases to level 4!
You hit the giant cockroach. You headbutt the giant cockroach.
You kill the giant cockroach!
You hit the ball python.
You kill the ball python!
There is an open door to the Dungeon here.
You take 1 damage, and have 6/20 hp.
You open the door.
A hound, a scorpion, a gnoll, an orc and a zombie come into view.
The hound barks!
The orc shouts!
The gnoll shouts!
You barely miss the jackal zombie. The jackal zombie bites you.
* * * LOW HITPOINT WARNING * * *
The jackal zombie bites you but does no damage.
You hit the jackal zombie.
The jackal zombie is severely damaged.
The jackal zombie barely misses you.
You puncture the jackal zombie!
You destroy the jackal zombie!
You take 2 damage, and have 4/20 hp.
You barely miss the gnoll. You headbutt the gnoll!
The gnoll is heavily wounded.
The gnoll hits you with a +0 flail.
You die... ▓▓▓▓▓▓▓▓▓▓▓▓▓▓▓▓▓▓ +.h.osg@....'...<▓ ▓▓▓▓▓▓▓▓▓▓▓▓▓▓▓▓▓▓

You could see a scorpion, a hound, a gnoll and an orc.

Vanquished Creatures
  2 ball pythons (D)
  An endoplasm (D)
  A giant cockroach (D)
  A jackal zombie (D)
  A rat (D)
6 creatures vanquished.

Notes
Turn   | Place    | Note
-------+----------+-------------------------------------------
     0 | D        | tatocazan the Minotaur Fighter began the quest for the Orb.
     0 | D        | Reached XP level 1. HP: 19/19 MP: 0/0
    23 | D        | Noticed a hound
    23 | D        | Noticed a scorpion
    27 | D        | Slain by a gnoll

Illustrated notes

Levels and vault maps discovered:
D:        linesprint [early_d, line_temple, items_1, d_10, items_2, lair_1,
          lair_end, items_3, orc_1, orc_end, items_4, d_15, swamp_1, shoals_1,
          snake_1, spider_1, d_20, vaults_1, items_5, swamp_end, shoals_end,
          snake_end, spider_end, vaults_end, d_27, items_6, zot_1, zot_end,
          crypt_end, forest_end, elf_end, slime_end, tomb_end, abyss_end,
          pan_hell_end]

Skill      XL: |  1 |
---------------+----+-----
Fighting       | 4 |  4.3
Polearms       | 3 |  3.2
Armour         | 4 |  4.3
Shields        | 4 |  4.2

Action                   || total
-------------------------++-------
Melee: Trident           ||    17
       Headbutt          ||     3
Armor: Scale mail        ||     4
Dodge: Dodged            ||     2
Block: Buckler           ||     1

Table legend: (Time is in decaauts)
 A = Elapsed time spent in this place.
 B = Non-inter-level travel time spent in this place.
 C = Inter-level travel time spent in this place.
 D = Time resting spent in this place.
 E = Time spent auto-exploring this place.
 F = Levels seen in this place.
 G = Mean time per level.
                   A        B        C        D        E       F      G
               +--------+--------+--------+--------+--------+-----+--------+
         Total |     29 |     29 |      0 |      0 |      3 |   1 |   29.0 |
       Dungeon |     29 |     29 |      0 |      0 |      3 |   1 |   29.0 |
               +--------+--------+--------+--------+--------+-----+--------+

Top non-repeatable levels by time:
       D: 29 daAuts
